 Dungeon Crawl Stone Soup version 0.19.0-22-gd96e5fe (webtiles) character file.

284 Leibowitz the Sneak (level 5, -2/40 HPs)
             Began as a Demigod Enchanter on Nov 18, 2016.
             Slain by a goblin (4 damage)
             ... led by Robin
             ... on level 3 of the Dungeon.
             The game lasted 00:09:29 (3881 turns).

Leibowitz the Sneak (Demigod Enchanter)             Turns: 3881, Time: 00:09:32

Health: -2/40      AC:  3    Str: 16    XL:     5   Next: 78%
Magic:  4/11       EV: 13    Int: 21    God:
Gold:   156        SH:  0    Dex: 16    Spells: 3 memorised, 2 levels left

rFire  . . .     SeeInvis .     l - +0 short sword (flame)
rCold  . . .     Gourm    .     b - +1 robe
rNeg   . . .     Faith    .     (no shield)
rPois  .         Spirit   .     (no helmet)
rElec  .         Reflect  .     (no cloak)
rCorr  .         Harm     .     (no gloves)
MR     .....                    (no boots)
Stlth  ++++......               (no amulet)
                                (no ring)
                                u - ring of stealth

@: mighty, lethally poisoned (-2 -> -13)
A: high mp 1
a: no special abilities


You were on level 3 of the Dungeon.
You were not hungry.

You visited 1 branch of the dungeon, and saw 3 of its levels.

You collected 156 gold pieces.

Inventory:

Hand Weapons
 a - a +1 short sword of speed
 l - a +0 short sword of flaming (weapon)
Armour
 b - a +1 robe (worn)
Jewellery
 m - an uncursed ring of ice
 u - a ring of stealth (left hand)
Scrolls
 e - a scroll of noise {unknown}
 f - 2 scrolls of identify {unknown}
 h - 5 scrolls of teleportation {unknown}
 i - 2 scrolls of immolation {unknown}
 k - a scroll of fog {unknown}
 o - 3 scrolls of amnesia {unknown}
 p - a scroll of enchant weapon {unknown}
 r - a scroll of blinking {unknown}
 x - a scroll of remove curse {unknown}
Potions
 n - a potion of resistance
Books
 c - a book of Maledictions

   Spells                             Type                      Level
   a - Corona                         Hexes                        1
   b - Ensorcelled Hibernation        Hexes/Ice                    2
   c - Confuse                        Hexes                        3
   d - Tukima's Dance                 Hexes                        3
   e - Dazzling Spray                 Conjuration/Hexes            3
Comestibles
 d - a bread ration
 g - a beef jerky
 j - 3 meat rations
 q - a chunk of flesh
 s - a slice of pizza


   Skills:
 + Level 1.0 Fighting
 + Level 2.5 Short Blades
 + Level 2.3 Dodging
 + Level 4.4 Stealth
 + Level 2.4 Spellcasting
 + Level 3.3 Hexes
 + Level 0.8 Ice Magic


You had 2 spell levels left.
You knew the following spells:

 Your Spells              Type           Power        Failure   Level  Hunger
a - Corona                Hex            ###....      4%          1    None
b - Ensorcelled Hibernat  Hex/Ice        ##....       12%         2    ##.....
c - Confuse               Hex            ###.....     14%         3    ###....


Dungeon Overview and Level Annotations

Branches:
Dungeon (3/15)


Innate Abilities, Weirdness & Mutations

You have an increased reservoir of magic. (+10% MP)


Message History

Press: ? - help, Shift-Dir - straight line, f - goblin
Aim: a goblin, wielding a dagger of venom (moderately wounded, unusually strong, chance to defeat MR: 60%)
The goblin looks drowsy...
You feel sick. The goblin barely misses you. x2
The goblin hits you.
* * * LOW HITPOINT WARNING * * *
The helpless goblin fails to defend itself.
You impale the goblin!! You burn the goblin.
You kill the goblin!
* * * LOW HITPOINT WARNING * * *
You feel sick. The goblin hits you with a dagger.
* * * LOW HITPOINT WARNING * * *
The goblin barely misses you. x2
It was a potion of might.
You feel very mighty all of a sudden.
* * * LOW HITPOINT WARNING * * *
You feel sick. The goblin hits you but does no damage.
The goblin hits you with a club.
* * * LOW HITPOINT WARNING * * *
The goblin hits you.
You die...

###.# #..#.# #...#
#..#.###### #########...#
#..........
............#####..##.###
.........#..#.).).....#
.........#..#.###..##.#
........###......).# #
.......##.##...g†#)#
......##...##..)@#)# #
.....##..8..'#.gg#)##.#
....##..8.8..##.......#
..###..8._.8..###...#.#.
....##..8.8..##...>.....#
###..##..8..##.g#######.#
#..##...##..## # ##.
##.##..## #. ###..g#


You could see 3 goblins.

Vanquished Creatures
  A centaur (D:3)
  Natasha (thrice) (D:2)
  Robin (D:3)
  2 adders
  3 worms
  4 dart slugs
  2 leopard geckos
  4 orcs (D:3)
  A ball python (D:1)
  2 giant cockroaches (D:3)
  13 goblins
  11 hobgoblins
  7 jackals (D:3)
  A quokka (D:1)
  5 bats
  13 kobolds
  8 rats
81 creatures vanquished.

Notes
Turn   | Place    | Note
-------+----------+-------------------------------------------
     0 | D:1      | Leibowitz the Demigod Enchanter began the quest for the Orb.
     0 | D:1      | Reached XP level 1. HP: 14/14 MP: 5/5
   587 | D:1      | Reached skill level 1 in Short Blades
   618 | D:1      | Reached XP level 2. HP: 2/20 MP: 7/7
   620 | D:1      | Reached skill level 3 in Stealth
   625 | D:1      | Learned a level 2 spell: Ensorcelled Hibernation
  1699 | D:2      | Noticed Natasha
  1706 | D:2      | Reached XP level 3. HP: 12/26 MP: 8/8
  2344 | D:2      | Killed Natasha
  2344 | D:2      | Reached XP level 4. HP: 19/34 MP: 10/10
  2349 | D:2      | Learned a level 3 spell: Confuse
  2530 | D:2      | Noticed Natasha
  2539 | D:2      | Killed Natasha
  2748 | D:2      | Noticed Natasha
  2757 | D:2      | Killed Natasha
  2943 | D:3      | Reached skill level 4 in Stealth
  3030 | D:3      | Noticed a centaur
  3044 | D:3      | HP: 1/34 [centaur (5)]
  3050 | D:3      | HP: 2/51 [centaur (1)]
  3052 | D:3      | Killed a centaur
  3052 | D:3      | Reached XP level 5. HP: 3/39 MP: 8/11
  3596 | D:3      | Reached skill level 1 in Fighting
  3770 | D:3      | Found a glowing golden altar of the Shining One.
  3797 | D:3      | Noticed Robin
  3874 | D:3      | Killed Robin
  3881 | D:3      | HP: 2/40 [goblin/club[Robin] (3)]
  3881 | D:3      | Slain by a goblin

Skill      XL: |  1  2  3  4  5 |
---------------+----------------+-----
Short Blades   | 1 2 |  2.5
Stealth        | 3 4 |  4.4
Spellcasting   | 2 |  2.4
Hexes          | 3 |  3.3
Dodging        | 2 |  2.3
Fighting       | 1 |  1.0
Ice Magic      | |  0.8

Action                   |  1- 3 |  4- 6 || total
-------------------------+-------+-------++-------
Melee: Short sword       |    96 |    94 ||   190
       Dagger            |     9 |       ||     9
 Cast: Ensorcelled Hiber |     4 |    16 ||    20
       Confuse           |       |     2 ||     2
  Use: Potion            |       |     5 ||     5
 Stab: Sleeping          |    11 |    18 ||    29
       Distracted        |       |     1 ||     1
  Eat: Chunk             |     3 |     8 ||    11
Armor: Robe              |    12 |    15 ||    27
       Skin              |       |     5 ||     5
Dodge: Dodged            |    55 |    79 ||   134
